 Dungeon Crawl Stone Soup version 0.19.1 (webtiles) character file.

299999 Jerry the Warrior (level 21, -1/125 HPs)
             Began as a Vine Stalker Fighter on Dec 23, 2016.
             Was an Initiate of Uskayaw.
             Killed from afar by a frost giant (11 damage)
             ... with a bolt of cold
             ... created by the fury of Okawaru
             ... on level 3 of the Vaults on Dec 24, 2016.
             The game lasted 03:47:14 (38791 turns).

Jerry the Warrior (Vine Stalker Fighter)           Turns: 38791, Time: 03:47:15

Health: -1/125     AC: 33    Str: 24    XL:     21   Next: 0%
Magic:  0/29       EV: 13    Int: 11    God:    Uskayaw [......]
Gold:   2207       SH:  6    Dex: 19    Spells: 5 memorised, 7 levels left

rFire  + + +     SeeInvis +     U - +10 short sword of Darkness {vamp, rF+++}
rCold  + + .     Gourm    .     p - +2 plate armour {rC+}
rNeg   + + .     Faith    +     n - +0 buckler {rC+}
rPois  .         Spirit   +     L - +1 hat {MR+}
rElec  .         Reflect  .     R - +2 cloak
rCorr  .         Harm     .     y - +3 pair of gloves of Whack-A-Mole {rN++ Stlth-}
MR     +++++                    v - +2 pair of boots
Stlth  ..........               i - amulet of faith
                                S - ring of the Mage {Wiz MR++ Int+3}
                                b - ring of see invisible

@: about to teleport
A: fangs 3, regeneration 2, magic shield, antimagic bite, no device heal 3, rot
immunity
a: Renounce Religion
}: 2/15 runes: decaying, gossamer


You were on level 3 of the Vaults.
You worshipped Uskayaw.
Uskayaw was aware of your devotion.
You were hungry.

You visited 7 branches of the dungeon, and saw 35 of its levels.
You visited the Abyss 1 time.
You also visited: Labyrinth, Sewer, Ossuary and Ice Cave.

You collected 3760 gold pieces.
You spent 1553 gold pieces at shops.

Inventory:

Hand Weapons
 U - the +10 short sword of Darkness (weapon) {vamp, rF+++}
   (Okawaru gifted it to you on level 3 of the Spider Nest)

   It inflicts no extra harm, but heals its wielder when it wounds a living foe.
   It renders you almost immune to fire.
Armour
 n - a +0 buckler of cold resistance (worn)
 p - a +2 plate armour of cold resistance (worn)
 v - a +2 pair of boots (worn)
 y - the +3 pair of gloves of Whack-A-Mole (worn) {rN++ Stlth-}
   (Okawaru gifted it to you on level 4 of the Swamp)

   It greatly protects you from negative energy.
   It makes you less stealthy.
 L - a +1 hat of magic resistance (worn)
 R - a +2 cloak (worn)
Jewellery
 b - a ring of see invisible (left hand)
 i - an amulet of faith (around neck)
 S - the ring of the Mage (right hand) {Wiz MR++ Int+3}
   (You found it on level 3 of the Swamp)

   [ring of wizardry]

   It improves your spell success rate.
   It affects your intelligence (+3).
   It affects your resistance to hostile enchantments.
Wands
 F - a wand of disintegration (20/24)
 V - a wand of iceblast (5/15)
 X - a wand of random effects (11/48)
Scrolls
 c - a scroll of holy word
 d - 5 scrolls of teleportation
 k - 6 scrolls of immolation
 l - 3 scrolls of magic mapping
 o - a scroll of brand weapon
 r - a scroll of silence
 s - a scroll of amnesia
 u - a scroll of acquirement
 x - 6 scrolls of fog
 z - 5 scrolls of fear
 B - 5 scrolls of identify
 D - a scroll of blinking
 G - 24 scrolls of remove curse
 H - 7 scrolls of enchant weapon
 K - 4 scrolls of recharging
 P - 3 scrolls of enchant armour
 Q - a scroll of summoning
 T - 3 scrolls of torment
Potions
 a - 3 potions of ambrosia
 e - 4 potions of resistance
 g - 2 potions of cure mutation
 h - 10 potions of curing
 j - 6 potions of might
 q - 9 potions of flight
 w - 4 potions of haste
 A - 2 potions of magic
 C - 5 potions of brilliance
 E - a potion of berserk rage
 M - 2 potions of agility
 W - 2 potions of cancellation
Comestibles
 f - 22 bread rations
 m - 31 fruits
 t - 12 meat rations
 I - 15 royal jellies
 J - 14 beef jerkies
 N - a slice of pizza
 O - a chunk of flesh


   Skills:
 + Level 18.8 Fighting
 - Level 15.8 Short Blades
 + Level 17.4 Armour
 + Level 7.8 Dodging
 + Level 4.7 Stealth
 - Level 4.6 Shields
 + Level 9.3 Invocations


You had 7 spell levels left.
You knew the following spells:

 Your Spells              Type           Power        Failure   Level  Hunger
a - Blink                 Tloc           N/A          96%         2    ###....
b - Repel Missiles        Chrm/Air       #.....       96%         2    ###....
c - Invisibility          Hex            #.......     100%        6    #######
d - Apportation           Tloc           #.........   89%         1    ##.....
e - Shroud of Golubria    Chrm/Tloc      #.........   96%         2    ###....


Dungeon Overview and Level Annotations

Branches:
Dungeon (15/15)            Temple (1/1) D:5            Lair (6/6) D:10
  Swamp (4/4) Lair:4       Spider (4/4) Lair:3        Slime (0/5) Lair:6
    Orc (2/2) D:12            Elf (0/3) Orc:2        Vaults (3/5) D:14
  Crypt (0/3) Vaults:3     Depths (0/5) D:15

Altars:
Cheibriados
Dithmenos
Elyvilon
Fedhas
Gozag
Hepliaklqana
Kikubaaqudgha
Makhleb
Nemelex Xobeh
Okawaru
Qazlal
Ru
Sif Muna
Trog
Uskayaw
Vehumet
Xom
Yredelemnul
Zin
The Shining One
Beogh

Shops:
D:4 (?%   D:6 ?   D:7 *   D:9 *   Orc:2 ([?:   Vaults:1 [

Portals:
Trove: D:15 (give +8 demon blade)

Annotations:
Swamp:2 1 runed door


Innate Abilities, Weirdness & Mutations

You have razor-sharp teeth.
You heal very quickly.
When hurt, damage is shared between your health and your magic reserves.
Your bite disrupts and absorbs the magic of your enemies.
Potions and wands cannot restore your health.
You are immune to rotting.


Message History

The frost giant gestures at you while chanting.
The bolt of cold misses you.
The bolt of cold hits the frost giant.
The frost giant resists.
As you read the scroll of teleportation, it crumbles to dust.
You feel strangely unstable.
The frost giant hits you but does no damage.
The deep elf knight hits you with a short sword!
* * * LOW HITPOINT WARNING * * *
The deep elf blademaster hits you but does no damage.
The deep elf blademaster hits you with a rapier!
* * * LOW HITPOINT WARNING * * *
The frost giant hits you with a battleaxe of freezing.
* * * LOW HITPOINT WARNING * * *
The deep elf knight unwields an uncursed short sword.
The deep elf knight wields a longbow.
The deep elf knight shoots an arrow.
The arrow hits you but does no damage.
The arrow disappears in a puff of smoke!
The frost giant casts a spell at you. The bolt of cold hits you! You resist.
You die...

#.........# #.........#
#.........# #..<......#
#......)..# #.........#
#.........#
##########+##'######
#.....e.@.....#
#.....CeC.....#
#########..####.####..#
........#..#.......#..#
........#..#.......#..#
........'..#..###..#..#
..<.....#.....# #.....#
........#..#..###..#..#
........#..#.......#..#


You could see a deep elf blademaster, 2 frost giants and a deep elf knight.

Vanquished Creatures
  the Lernaean hydra (Swamp:4)
  Saint Roka (Orc:2)
  Arachne (Spider:2)
  A deep elf master archer (Vaults:2)
  4 titans
  A tentacled starspawn (Abyss:2)
  A deep elf blademaster (Vaults:2)
  Frances (Swamp:2)
  Gastronok (D:12)
  A sphinx (Vaults:1)
  2 thorn hunters
  Donald (Vaults:2)
  3 fire giants
  5 frost giants
  Roxanne (D:15)
  A draconian knight (Abyss:2)
  2 ghost moths (Spider:4)
  Louise (Swamp:2)
  3 deep elf sorcerers (Vaults:2)
  5 vault wardens
  The ghost of Nakatomy the Geomancer, a journeyman DEFE of Vehumet (Orc:2)
  9 emperor scorpions
  A deep elf elementalist (Abyss:2)
  3 stone giants
  9 ironheart preservers
  3 very ugly things
  4 entropy weavers
  A mottled draconian (Vaults:2)
  A yellow draconian (Vaults:2)
  The ghost of Pytinka the Carver, a journeyman MiFi of Xom (D:14)
  A deep elf death mage (Vaults:3)
  3 ettins
  4 merfolk javelineers (Vaults:2)
  2 minotaurs
  A merfolk impaler (Vaults:2)
  3 green deaths
  The ghost of Kwzr the Blocker, a journeyman VSFi of Okawaru (Lair:6)
  5 yaktaur captains
  A death ooze (Swamp:4)
  11 ogre magi
  4 great orbs of eyes (Vaults:2)
  A hell beast (Swamp:4)
  2 rakshasas (Abyss:2)
  3 fire dragons
  An ice dragon (Vaults:1)
  5 vault guards
  3 ghost crabs
  17 hydras
  A naga warrior (Vaults:2)
  15 alligators
  2 catoblepae
  Erica (D:10)
  11 centaur warriors
  6 tengu warriors
  3 death yaks (Lair:3)
  A vampire mage (Vaults:3)
  Sonja (Orc:1)
  4 thrashing horrors
  2 deep elf knights
  Nergalle (Orc:2)
  A shadow wraith (Vaults:1)
  5 skeletal warriors
  A glowing orange brain (Abyss:2)
  A hell knight (D:15)
  A flayed ghost (Vaults:2)
  4 unseen horrors
  6 swamp dragons
  4 wizards
  2 spriggan druids
  9 deep trolls
  7 hill giants
  11 orc knights
  5 deep elf archers
  12 ironbrand convokers
  An orb spider (shapeshifter) (Vaults:1)
  A harpy (Vaults:3)
  24 orb spiders
  14 orc sorcerers
  9 deep elf magi
  28 wolf spiders
  An elephant (D:10)
  The ghost of Tagedieb the Vexing, a novice OpEn (D:4)
  22 ugly things
  A moth of wrath (Spider:4)
  3 cyclopes
  A centaur zombie (D:12)
  An ice statue (IceCv)
  A guardian serpent (shapeshifter) (Vaults:2)
  3 black mambas
  2 centaur skeletons
  A smoke demon (Abyss:2)
  25 spiny frogs
  Maurice (D:10)
  4 vault sentinels
  A torpor snail (Spider:2)
  2 orange demons (Swamp:4)
  A spiny frog (shapeshifter) (D:14)
  6 komodo dragons
  2 freezing wraiths
  9 yaktaurs
  An efreet (Abyss:2)
  8 rime drakes
  An ancient zyme (Abyss:2)
  10 demonic crawlers
  A tengu conjurer (D:14)
  8 tyrant leeches
  43 jumping spiders
  A queen bee (Spider:1)
  15 merfolk
  3 trolls
  A blink frog (shapeshifter) (Vaults:3)
  13 hornets
  18 two-headed ogres
  29 polar bears
  The ghost of dondy the Pure, an amateur DsAK of Lugonu (D:3)
  10 hippogriffs
  43 slime creatures
  15 bog bodies
  11 blink frogs
  6 dream sheep (Lair:5)
  4 raiju (Lair:6)
  2 hippogriffs (shapeshifter)
  2 vampires
  6 shadows
  84 redbacks
  2 wraiths
  36 tarantellas
  64 yaks
  10 spriggans
  4 large abominations
  A human (shapeshifter) (Vaults:2)
  A neqoxec (Abyss:2)
  5 basilisks
  A chaos spawn (Abyss:2)
  2 steam dragons
  37 vampire mosquitoes
  3 hungry ghosts
  A soldier ant (D:12)
  16 swamp worms
  10 wargs
  3 insubstantial wisps (Swamp:1)
  3 mottled dragons
  10 water moccasins
  2 nagas (Vaults:2)
  A water moccasin (shapeshifter) (Abyss:2)
  6 porcupines
  4 hell hounds (Lair:6)
  6 swamp drakes
  24 orc warriors
  8 ice beasts
  6 sky beasts
  2 phantoms
  16 black bears
  3 boggarts (Vaults:2)
  39 ogres
  42 wolves
  13 centaurs
  13 crocodiles
  A big kobold (D:9)
  An elf zombie (Ossuary)
  12 bullfrogs
  4 small abominations (Abyss:2)
  A water moccasin zombie (D:7)
  4 earth elementals (Spider:3)
  3 scorpions
  An elf simulacrum (Vaults:2)
  24 killer bees
  17 wights
  2 electric eels (Spider:1)
  3 howler monkeys
  5 crimson imps
  2 bullfrog zombies
  4 jellies
  19 hounds
  14 orc priests
  A bullfrog skeleton (D:9)
  8 iguanas
  31 orc wizards
  Ijyb (D:1)
  8 worker ants
  6 hell rats (Lair:5)
  3 big kobold zombies (Ossuary)
  2 hound zombies
  A hound skeleton (D:5)
  2 mummies (Ossuary)
  A worker ant zombie (D:9)
  6 gnolls
  15 adders
  8 river rats (Sewer)
  3 shadow imps
  A white imp (Vaults:2)
  An ufetubus (Abyss:2)
  3 oozes
  3 adder skeletons
  An adder zombie (Ossuary)
  6 worms
  7 dart slugs
  10 leopard geckos
  98 orcs
  10 ball pythons
  10 giant cockroaches
  8 goblins
  5 hobgoblins
  21 jackals
  7 quokkas
  8 bats
  14 frilled lizards
  9 hobgoblin zombies (Ossuary)
  3 jackal zombies (Ossuary)
  16 kobolds
  8 kobold zombies (Ossuary)
  11 orc zombies (Ossuary)
  2 quokka zombies
  23 rats
  A rat zombie (Ossuary)
  A butterfly (Lair:3)
  A starspawn tentacle (Abyss:2)
1651 creatures vanquished.

Vanquished Creatures (others)
  A deep elf knight (Vaults:2)
  2 yaks (IceCv)
  An ogre (Vaults:2)
  An iguana (Lair:6)
  3 briar patches (Swamp:2)
  9 fungi
  13 plants
  A starspawn tentacle (Abyss:2)
31 creatures vanquished.

Grand Total: 1682 creatures vanquished

Notes
Turn   | Place    | Note
-------+----------+-------------------------------------------
     0 | D:1      | Jerry the Vine Stalker Fighter began the quest for the Orb.
     0 | D:1      | Reached XP level 1. HP: 11/11 MP: 2/2
   106 | D:1      | Reached XP level 2. HP: 11/16 MP: 3/3
   152 | D:1      | Reached skill level 3 in Fighting
   401 | D:1      | Reached XP level 3. HP: 20/20 MP: 4/4
   847 | D:2      | Noticed Ijyb
   859 | D:1      | Killed Ijyb
   859 | D:1      | Gained mutation: Your natural rate of healing is unusually fast. [Vine Stalker growth]
   859 | D:1      | Reached XP level 4. HP: 23/25 MP: 5/5
  1534 | D:3      | Reached XP level 5. HP: 29/29 MP: 6/6
  1581 | D:3      | Noticed a hippogriff
  1594 | D:3      | Killed a hippogriff
  1594 | D:3      | Reached skill level 4 in Fighting
  1594 | D:3      | Reached XP level 6. HP: 22/34 MP: 7/7
  1812 | D:3      | Found a radiant altar of Vehumet.
  1823 | D:3      | Noticed dondy's ghost (amateur DsAK)
  1846 | D:3      | Killed dondy's ghost
  1846 | D:3      | Reached XP level 7. HP: 34/38 MP: 8/8
  2091 | D:3      | Found a white marble altar of Elyvilon.
  2301 | D:3      | Reached skill level 5 in Fighting
  2534 | D:4      | Found a blossoming altar of Fedhas.
  2638 | D:4      | Noticed Tagedieb's ghost (novice OpEn)
  2673 | D:4      | Found Pumontud's Food Boutique.
  2908 | D:4      | Killed Tagedieb's ghost
  2908 | D:4      | Reached skill level 5 in Short Blades
  2908 | D:4      | Reached skill level 5 in Armour
  2908 | D:4      | Gained mutation: You have razor-sharp teeth. [Vine Stalker growth]
  2908 | D:4      | Reached XP level 8. HP: 44/44 MP: 9/9
  2939 | D:4      | Found Vuph's Magic Scroll Shoppe.
  3170 | D:4      | Found Xuacabov's Antique Weapon Boutique.
  3525 | D:5      | Entered Level 5 of the Dungeon
  3525 | D:5      | Found a staircase to the Ecumenical Temple.
  3529 | Temple   | Entered the Ecumenical Temple
  3735 | D:5      | Found an iron altar of Okawaru.
  3747 | D:5      | Became a worshipper of Warmaster Okawaru
  3802 | D:5      | Reached skill level 6 in Fighting
  3880 | D:5      | Reached skill level 1 in Invocations
  4318 | D:5      | Found a sparkling altar of Nemelex Xobeh.
  4318 | D:5      | Found a faded altar of an unknown god.
  4323 | D:5      | Found a faded altar of an unknown god.
  4325 | D:5      | Found a faded altar of an unknown god.
  4326 | D:5      | Found a faded altar of an unknown god.
  4758 | D:6      | Found a glowing drain.
  4768 | Sewer    | Entered a sewer
  5046 | Sewer    | Reached XP level 9. HP: 49/49 MP: 11/11
  5452 | D:6      | Found Ydacea's Magic Scroll Emporium.
  5569 | D:6      | Reached * piety under Okawaru
  6219 | D:7      | Reached skill level 7 in Fighting
  6278 | D:7      | Found a sand-covered staircase.
  6290 | Ossuary  | Entered an ossuary
  6832 | D:7      | Reached ** piety under Okawaru
  6837 | D:7      | Gained mutation: Your body sometimes deteriorates upon taking damage. [mutagenic meat]
  6838 | D:7      | Gained mutation: Your body often deteriorates upon taking damage. [mutagenic meat]
  6839 | D:7      | Gained mutation: You have an increased reservoir of magic. (+10% MP) [mutagenic meat]
  6840 | D:7      | Gained mutation: You are clumsy. (Dex -2) [mutagenic meat]
  6842 | D:7      | Gained mutation: You are partially covered in icy blue scales. (AC +2) [mutagenic meat]
  6928 | D:7      | Found Norphuem's General Store.
  7069 | D:7      | Reached XP level 10. HP: 55/55 MP: 14/14
  8000 | D:8      | Reached skill level 8 in Fighting
  8163 | D:8      | Reached *** piety under Okawaru
  8325 | D:9      | Gained mutation: You are frail. (-10% HP) [mutagenic meat]
  8326 | D:9      | Gained mutation: You have a pair of small horns on your head. [mutagenic meat]
  8327 | D:9      | Lost mutation: You are clumsy. (Dex -2) [mutagenic meat]
  8328 | D:9      | Gained mutation: You are resistant to hostile enchantments. (MR+) [mutagenic meat]
  8967 | D:9      | Found Lisabidi's Serpentskin Sales.
  8977 | D:9      | Bought a +2 dagger of venom for 201 gold pieces
  9149 | D:10     | Entered Level 10 of the Dungeon
  9159 | D:9      | Reached **** piety under Okawaru
  9267 | D:10     | Noticed Maurice
  9294 | D:10     | Killed Maurice
  9526 | D:9      | Reached skill level 9 in Fighting
  9526 | D:9      | Reached XP level 11. HP: 48/55 MP: 15/15
  9919 | D:10     | Killed an unseen horror
 10003 | D:10     | Reached ***** piety under Okawaru
 10023 | D:10     | Noticed Erica
 10036 | D:10     | Killed Erica
 10425 | D:10     | Found a staircase to the Lair.
 10837 | D:11     | Received a gift from Okawaru
 10845 | D:11     | Reached skill level 10 in Fighting
 11018 | D:11     | Noticed a hill giant
 11025 | D:11     | Killed a hill giant
 11025 | D:11     | Reached skill level 10 in Short Blades
 11103 | D:11     | Noticed a hill giant
 11113 | D:11     | Killed a hill giant
 11113 | D:11     | Gained mutation: You heal very quickly. [Vine Stalker growth]
 11113 | D:11     | Reached XP level 12. HP: 38/60 MP: 16/16
 11152 | D:11     | Noticed a tengu warrior
 11153 | D:11     | Noticed a tengu warrior
 11165 | D:11     | Killed a tengu warrior
 11181 | D:11     | Killed a tengu warrior
 11422 | D:12     | Noticed Gastronok
 11634 | D:12     | Found a staircase to the Orcish Mines.
 11788 | D:12     | Killed Gastronok
 11788 | D:12     | Reached skill level 10 in Armour
 11946 | D:12     | Reached skill level 11 in Fighting
 11951 | D:12     | Received a gift from Okawaru
 12421 | D:13     | You fall through a shaft!
 12554 | D:14     | Reached XP level 13. HP: 66/66 MP: 17/17
 12580 | D:14     | Gained mutation: Your spells are a little harder to cast, but a little more powerful. [mutagenic meat]
 12582 | D:14     | Lost mutation: You are resistant to hostile enchantments. (MR+) [mutagenic meat]
 12583 | D:14     | Gained mutation: You have supernaturally acute eyesight. (SInv) [mutagenic meat]
 12734 | D:14     | Noticed a vault guard
 12845 | D:14     | Reached ****** piety under Okawaru
 12845 | D:14     | Received a gift from Okawaru
 12848 | D:14     | Got a bloodstained chain mail {god gift}
 12859 | D:14     | Identified the +0 chain mail of the Bells {rN+} (Okawaru gifted it to you on level 14 of the Dungeon)
 12951 | D:14     | Noticed Pytinka's ghost (journeyman MiFi)
 13052 | D:14     | Noticed a vault guard
 13087 | D:14     | Killed a vault guard
 13188 | D:14     | Killed a vault guard
 13364 | D:14     | Reached skill level 12 in Fighting
 13525 | D:14     | Killed Pytinka's ghost
 13689 | D:14     | Found a gate to the Vaults.
 13689 | D:14     | Noticed a vault guard
 13689 | D:14     | Noticed a vault guard
 13707 | D:14     | Killed a vault guard
 13722 | D:14     | Killed a vault guard
 13824 | D:15     | Entered Level 15 of the Dungeon
 13840 | D:15     | Learned a level 2 spell: Blink
 13843 | D:15     | Learned a level 2 spell: Repel Missiles
 13859 | D:14     | Identified a scroll of acquirement
 13860 | D:14     | Got a fine short sword
 13861 | D:14     | Identified the +7 short sword of Wariness {drain, rElec rC+ Str+3 Int-3} (You acquired it on level 14 of the Dungeon)
 13884 | D:15     | Noticed a vault guard
 13895 | D:15     | Killed a vault guard
 13900 | D:15     | Found a portal to a secret trove of treasure.
 13929 | D:15     | Noticed Roxanne
 13934 | D:15     | Gained mutation: You are weak. (Str -2) [potion of mutation]
 13955 | D:15     | Killed Roxanne
 13955 | D:15     | Received a gift from Okawaru
 13956 | D:15     | Identified Roxanne's Collected Works on Earth (You took it off Roxanne on level 15 of the Dungeon)
 14073 | D:15     | Reached XP level 14. HP: 69/72 MP: 18/18
 14117 | D:15     | Lost mutation: You are weak. (Str -2) [mutagenic meat]
 14118 | D:15     | Gained mutation: Your system is resistant to poisons. (rPois) [mutagenic meat]
 14119 | D:15     | Gained mutation: Your muscles are strong. (Str +2) [mutagenic meat]
 14120 | D:15     | Lost mutation: You have a pair of small horns on your head. [mutagenic meat]
 14121 | D:15     | Gained mutation: You are very frail. (-20% HP) [mutagenic meat]
 14270 | D:15     | Found a staircase to the Depths.
 14541 | D:15     | Identified the Handbook of the Helpful Birds
 14635 | D:15     | Reached skill level 13 in Fighting
 14790 | D:14     | Gained mutation: Your muscles are very strong. (Str +4) [mutagenic meat]
 14793 | D:14     | Lost mutation: You are very frail. (-20% HP) [mutagenic meat]
 14794 | D:14     | Lost mutation: You have supernaturally acute eyesight. (SInv) [mutagenic meat]
 14925 | Lair:1   | Entered Level 1 of the Lair of Beasts
 15855 | Lair:2   | Learned a level 6 spell: Invisibility
 15857 | Lair:2   | Learned a level 1 spell: Apportation
 16404 | Lair:3   | Received a gift from Okawaru
 16926 | Lair:3   | Found a hole to the Spider Nest.
 17085 | Lair:3   | Got a polished quick blade {god gift}
 17086 | Lair:3   | Identified the +8 quick blade of Exhibitionism {venom, -Tele MR+ Str+6 SInv} (Okawaru gifted it to you on level 3 of the Lair of Beasts)
 17293 | Lair:4   | Found a staircase to the Swamp.
 17839 | Lair:5   | Reached XP level 15. HP: 77/77 MP: 19/19
 17907 | Lair:5   | Received a gift from Okawaru
 18520 | Lair:6   | Entered Level 6 of the Lair of Beasts
 18956 | Lair:6   | Reached skill level 14 in Fighting
 19016 | Lair:6   | Found a blossoming altar of Fedhas.
 19091 | Lair:6   | Noticed Kwzr's ghost (journeyman VSFi)
 19105 | Lair:6   | Killed Kwzr's ghost
 19838 | Lair:6   | Found a staircase to the Slime Pits.
 20056 | Spider:1 | Entered Level 1 of the Spider Nest
 20085 | Spider:1 | Received a gift from Okawaru
 20628 | Spider:1 | Reached XP level 16. HP: 81/83 MP: 19/21
 21251 | Spider:2 | Noticed Arachne
 21275 | Spider:2 | Killed Arachne
 21275 | Spider:2 | Received a gift from Okawaru
 21517 | Spider:2 | Reached skill level 15 in Fighting
 22681 | Spider:3 | Reached skill level 15 in Short Blades
 22976 | Spider:4 | Entered Level 4 of the Spider Nest
 23164 | Spider:4 | Received a gift from Okawaru
 23506 | Spider:4 | Reached XP level 17. HP: 89/89 MP: 22/22
 23794 | Spider:4 | Gained mutation: You are very frail. (-20% HP) [potion of mutation]
 23794 | Spider:4 | Gained mutation: You are somewhat resistant to further mutation. [potion of mutation]
 23795 | Spider:4 | Lost mutation: Your body often deteriorates upon taking damage. [potion of cure mutation]
 23795 | Spider:4 | Lost mutation: Your body sometimes deteriorates upon taking damage. [potion of cure mutation]
 23795 | Spider:4 | Lost mutation: Your muscles are very strong. (Str +4) [potion of cure mutation]
 23795 | Spider:4 | Lost mutation: You are very frail. (-20% HP) [potion of cure mutation]
 24024 | Spider:3 | Received a gift from Okawaru
 24025 | Spider:3 | Got a twisted short sword {god gift}
 24029 | Spider:3 | Identified the +10 short sword of Darkness {vamp, rF+++} (Okawaru gifted it to you on level 3 of the Spider Nest)
 24693 | Spider:4 | Reached skill level 16 in Fighting
 24720 | Spider:4 | Got a gossamer rune of Zot
 25263 | Orc:1    | Entered Level 1 of the Orcish Mines
 25286 | Orc:1    | Found a frozen archway.
 25293 | IceCv    | Entered an ice cave
 25330 | IceCv    | Reached skill level 1 in Dodging
 25517 | IceCv    | Received a gift from Okawaru
 25553 | IceCv    | Got a shimmering robe {god gift}
 25607 | IceCv    | Reached skill level 15 in Armour
 26033 | IceCv    | Identified the +1 robe "Uwumem" {Regen+ Dex+4} (Okawaru gifted it to you in an ice cave)
 26924 | Orc:2    | Entered Level 2 of the Orcish Mines
 26931 | Orc:2    | Noticed Sonja
 27003 | Orc:2    | Cast into level 2 of the Abyss (Sonja)
 27003 | Abyss:2  | Found a corrupted altar of Lugonu.
 27288 | Abyss:2  | Noticed a tentacled starspawn
 27306 | Abyss:2  | Reached XP level 18. HP: 96/96 MP: 23/23
 27376 | Abyss:2  | Received a gift from Okawaru
 27386 | Orc:2    | Escaped the Abyss
 27414 | Orc:1    | Killed Sonja
 27440 | Orc:2    | Found a staircase to the Elven Halls.
 27469 | Orc:2    | Found a labyrinth entrance.
 27503 | Lab      | Entered a labyrinth
 27651 | Lab      | Identified Zeraol's Volume of Transmutation and Envenoming
 27651 | Lab      | Identified the Tome of Toxins and the Blaze
 27670 | Lab      | Got a slimy scale mail
 27681 | Lab      | Identified the +5 scale mail of Gravitas {MR- Int+3} (You found it in a labyrinth)
 27965 | Orc:2    | Noticed Nakatomy's ghost (journeyman DEFE)
 28028 | Orc:2    | Killed Nakatomy's ghost
 28192 | Orc:2    | Noticed Saint Roka
 28256 | Orc:2    | Killed Saint Roka
 28436 | Orc:2    | Found a radiant altar of Vehumet.
 28465 | Orc:2    | Found Tisir's Book Shop.
 28481 | Orc:2    | Noticed Nergalle
 28497 | Orc:2    | Killed Nergalle
 28505 | Orc:2    | Found an ancient bone altar of Kikubaaqudgha.
 28531 | Orc:2    | Found a roughly hewn altar of Beogh.
 28531 | Orc:2    | Found Pessiriw's Magic Scroll Shop.
 28544 | Orc:2    | Found Lokasoj's Antique Armour Boutique.
 28573 | Orc:2    | Found Picseudd's Antique Weapon Boutique.
 28612 | Orc:2    | Bought a scroll of acquirement for 832 gold pieces
 28630 | Orc:2    | Bought a pair of runed gloves for 273 gold pieces
 28630 | Orc:2    | Bought a twisted chain mail for 247 gold pieces
 28643 | Orc:2    | Identified the +1 chain mail of Gozag's Whim {+Blink} (You bought it in a shop on level 2 of the Orcish Mines)
 28971 | Swamp:1  | Entered Level 1 of the Swamp
 29190 | Swamp:1  | Reached skill level 17 in Fighting
 29733 | Swamp:2  | Noticed Louise
 29782 | Swamp:2  | Learned a level 2 spell: Shroud of Golubria
 29802 | Swamp:2  | Killed Louise
 29830 | Swamp:2  | Received a gift from Okawaru
 29995 | Swamp:2  | Reached skill level 5 in Invocations
 30182 | Swamp:2  | Found a runed door.
 30182 | Swamp:2  | Noticed a tentacled monstrosity
 30283 | Swamp:2  | Noticed Frances
 30299 | Swamp:2  | Killed Frances
 30565 | Swamp:3  | Identified Buijaas's Tome of Cloudy Envenoming
 31128 | Swamp:3  | Found a white marble altar of Elyvilon.
 31131 | Swamp:3  | Reached XP level 19. HP: 100/100 MP: 27/27
 31455 | Swamp:4  | Entered Level 4 of the Swamp
 31630 | Swamp:4  | Gained mutation: You are occasionally teleported next to monsters. [mutagenic meat]
 31671 | Swamp:3  | Lost mutation: Your muscles are strong. (Str +2) [potion of cure mutation]
 31671 | Swamp:3  | Lost mutation: You have an increased reservoir of magic. (+10% MP) [potion of cure mutation]
 31671 | Swamp:3  | Lost mutation: You are partially covered in icy blue scales. (AC +2) [potion of cure mutation]
 31671 | Swamp:3  | Lost mutation: You are frail. (-10% HP) [potion of cure mutation]
 31672 | Swamp:3  | Lost mutation: Your spells are a little harder to cast, but a little more powerful. [potion of cure mutation]
 31672 | Swamp:3  | Lost mutation: Your system is resistant to poisons. (rPois) [potion of cure mutation]
 31672 | Swamp:3  | Lost mutation: You are somewhat resistant to further mutation. [potion of cure mutation]
 31672 | Swamp:3  | Lost mutation: You are occasionally teleported next to monsters. [potion of cure mutation]
 31887 | Swamp:4  | Received a gift from Okawaru
 31898 | Swamp:4  | Got a pair of encrusted gloves {god gift}
 31920 | Swamp:4  | Identified the +3 pair of gloves of Whack-A-Mole {rN++ Stlth-} (Okawaru gifted it to you on level 4 of the Swamp)
 32022 | Swamp:4  | Noticed the 27-headed Lernaean hydra
 32032 | Swamp:4  | Killed the 27-headed Lernaean hydra
 32103 | Swamp:4  | Got a decaying rune of Zot
 33098 | Vaults:1 | Entered Level 1 of the Vaults
 33158 | Vaults:1 | Found Mympon's Armour Boutique.
 33610 | Vaults:1 | Reached skill level 18 in Fighting
 33911 | Vaults:1 | Reached skill level 5 in Dodging
 34319 | Vaults:1 | Received a gift from Okawaru
 34319 | Vaults:1 | Reached XP level 20. HP: 86/119 MP: 25/27
 34937 | Vaults:1 | Got a fine falchion
 34939 | Vaults:1 | Identified the cursed +1 falchion "Vafikosch" {slice, +Inv Str-5 Stlth+} (You found it on level 1 of the Vaults)
 35434 | Temple   | Fell from the grace of Okawaru
 35434 | Temple   | Became a worshipper of Uskayaw the Reveler
 35575 | D:9      | Reached * piety under Uskayaw
 35881 | Vaults:2 | Reached ** piety under Uskayaw
 35887 | Vaults:2 | Reached *** piety under Uskayaw
 35889 | Vaults:2 | Reached **** piety under Uskayaw
 36015 | Vaults:2 | Reached ***** piety under Uskayaw
 36362 | Vaults:2 | Found a burning altar of Makhleb.
 37065 | Vaults:2 | Noticed Donald
 37100 | Vaults:2 | Killed Donald
 37784 | Vaults:2 | Reached ****** piety under Uskayaw
 37788 | Vaults:2 | Reached skill level 1 in Stealth
 38394 | Vaults:3 | Found a staircase to the Crypt.
 38645 | Vaults:3 | Reached XP level 21. HP: 117/125 MP: 29/29
 38791 | Vaults:3 | Killed from afar by a frost giant

Skill      XL: |  1  2  3  4  5  6  7  8  9 10 11 12 13 14 15 16 17 18 19 20 |
---------------+-------------------------------------------------------------+-----
Short Blades   | 2 3 4 5 7 8 10 11 12 13 14 15 | 15.8
Fighting       | 3 4 5 6 7 9 10 11 12 13 14 15 16 17 18 | 18.8
Armour         | 3 4 5 6 8 9 10 11 12 13 14 15 16 17 | 17.4
Invocations    | 2 3 6 8 9 |  9.3
Shields        | 4 |  4.6
Dodging        | 3 4 5 7 |  7.8
Stealth        | 4 |  4.7

Action                   |  1- 3 |  4- 6 |  7- 9 | 10-12 | 13-15 | 16-18 | 19-21 || total
-------------------------+-------+-------+-------+-------+-------+-------+-------++-------
Melee: Rapier            |    96 |    38 |   264 |   280 |    89 |    10 |       ||   777
       Bite              |    19 |    32 |   168 |   407 |   776 |  1357 |  1004 ||  3763
       Dagger            |       |    52 |   215 |   220 |   251 |       |       ||   738
       Hunting sling     |       |       |     9 |       |       |       |       ||     9
       Headbutt          |       |       |       |   229 |   136 |       |       ||   365
       Short sword       |       |       |       |   408 |   347 |   233 |  1522 ||  2510
       Quick blade       |       |       |       |       |   800 |  2087 |   377 ||  3264
 Fire: Hunting sling     |       |    75 |   219 |     4 |       |       |       ||   298
Invok: Heroism           |       |       |       |     3 |    15 |     9 |       ||    27
       Stomp             |       |       |       |       |       |       |     2 ||     2
Evoke: Wand              |       |       |       |       |       |     2 |       ||     2
  Use: Scroll            |       |    11 |     7 |     5 |    13 |     8 |    12 ||    56
       Potion            |       |     1 |     1 |     2 |     6 |     3 |     5 ||    18
 Stab: Held in net/web   |       |       |       |       |       |     2 |       ||     2
       Invisible         |       |       |       |       |       |       |     5 ||     5
       Paralysed         |       |       |       |       |       |       |    51 ||    51
  Eat: Chunk             |       |     3 |    22 |    27 |    46 |    34 |    24 ||   156
       Beef jerky        |       |       |     1 |       |       |       |       ||     1
       Pizza             |       |       |       |       |       |       |     4 ||     4
       Fruit             |       |       |       |       |       |       |     3 ||     3
Armor: Scale mail        |    55 |    51 |   306 |    58 |       |       |       ||   470
       Chain mail        |       |       |       |   217 |       |       |       ||   217
       Plate armour      |       |       |       |   162 |    97 |       |   683 ||   942
       Gold dragon scale |       |       |       |       |   477 |  1059 |   152 ||  1688
Dodge: Dodged            |    58 |    49 |   247 |   217 |   218 |   443 |   599 ||  1831
Block: Buckler           |       |       |       |    63 |   255 |   404 |   333 ||  1055
